 Dungeon Crawl Stone Soup version 0.28-a0-1415-g7c84da036a (webtiles) character file.

Game seed: 6504776296153196565

4589 Hasart the Prestidigitator (level 10, -3/45 HPs)
             Began as a Kobold Enchanter on Jan 7, 2022.
             Was a Believer of Hepliaklqana.
             Slain by an orc knight (27 damage)
             ... in a bailey.
             The game lasted 00:30:41 (9719 turns).

Hasart the Prestidigitator (Kobold Enchanter)       Turns: 9719, Time: 00:30:42

Health: -3/45      AC:  7    Str:  7    XL:     10   Next: 68%
Magic:  15/18      EV: 16    Int: 20    God:    Hepliaklqana [**....]
Gold:   124        SH:  0    Dex: 15    Spells: 12/20 levels left

rFire   . . .      SeeInvis .   a - +1 dagger
rCold   . . .      Faith    .   (no shield)
rNeg    . . .      Spirit   .   s - +0 troll leather armour {Pargi}
rPois   +          Reflect  .   F - +2 helmet
rElec   .          Harm     .   g - scarf {+Inv}
rCorr   .          Rampage  .   (no gloves)
Will    .....                   (no boots)
Stlth   +++++.....              (no amulet)
HPRegen 0.95/turn               L - ring of poison resistance
MPRegen 0.16/turn               u - ring of wizardry

@: confusing by touch
A: reduced essence, small, no large weapons, nightstalker 3
a: Renounce Religion, Evoke Invisibility, Recall Ancestor, Ancestor Identity


You were in a bailey.
You worshipped Hepliaklqana.
Hepliaklqana was pleased with you.
You visited 2 branches of the dungeon, and saw 11 of its levels.
You also visited: Ossuary and Bailey.

You collected 296 gold pieces.
You spent 172 gold pieces at shops.

Inventory:

Hand Weapons
 a - a +1 dagger (weapon)
 j - a +3 trident
Missiles
 k - a throwing net (quivered)
Armour
 b - a +0 robe
 g - a scarf of invisibility (worn)
 s - a +0 troll leather armour (worn) {Pargi}
 F - a +2 helmet (worn)
Jewellery
 c - a ring of protection from fire
 e - a ring of willpower
 p - a +6 ring of intelligence
 u - a ring of wizardry (right hand)
 L - a ring of poison resistance (left hand)
Wands
 t - a wand of digging (8)
 I - a wand of flame (16)
 K - a wand of iceblast (1)
Scrolls
 d - 2 scrolls of immolation
 f - 8 scrolls of identify
 m - 3 scrolls of summoning {unknown}
 q - 2 scrolls of vulnerability {unknown}
 r - a scroll of enchant weapon {unknown}
 y - 2 scrolls of silence {unknown}
 A - 2 scrolls of noise {unknown}
 C - 3 scrolls of blinking {unknown}
 D - a scroll of enchant armour {unknown}
 H - a scroll of fear {unknown}
Potions
 h - 3 potions of cancellation
 i - 3 potions of haste {unknown}
 n - 10 potions of curing
 o - 4 potions of lignification {unknown}
 v - 2 potions of magic {unknown}
 w - 2 potions of flight {unknown}
 x - 4 potions of attraction {unknown}
 z - 2 potions of mutation {unknown}
 B - 3 potions of resistance {unknown}
 E - a potion of invisibility
 G - 3 potions of brilliance {unknown}
 J - a potion of might {unknown}


   Skills:
 + Level 6.8 Short Blades
 + Level 6.7 Dodging
 + Level 8.6 Stealth
 + Level 5.6 Spellcasting
 * Level 8.2 Hexes
 * Level 8.8 Evocations


You had 12 spell levels left.
You knew the following spells:

 Your Spells              Type           Power      Damage    Failure   Level
a - Ensorcelled Hibernat  Hex/Ice        44%        N/A       1%          2
b - Confusing Touch       Hex            38%        N/A       1%          3
c - Tukima's Dance        Hex            38%        N/A       1%          3

Your spell library contained the following spells:

 Spells                   Type           Power      Damage    Failure   Level
 Dazzling Flash           Conj/Hex       44%        N/A       3%          3
 Portal Projectile        Hex/Tloc       44%        N/A       3%          3
 Sandblast                Erth           10%        2d5       7%          1
 Passwall                 Tmut/Erth      4%         N/A       11%         2
 Call Canine Familiar     Summ           5%         N/A       21%         3
 Gell's Gravitas          Tloc           5%         N/A       21%         3
 Lesser Beckoning         Tloc           5%         N/A       21%         3
 Stone Arrow              Conj/Erth      10%        3d7       21%         3
 Teleport Other           Tloc           5%         N/A       21%         3
 Summon Mana Viper        Hex/Summ       22%        N/A       32%         5
 Yara's Violent Unravell  Hex/Tmut       11%        3d6       32%         5
 Passage of Golubria      Tloc           5%         N/A       52%         4
 Summon Ice Beast         Ice/Summ       5%         N/A       52%         4
 Blade Hands              Tmut           2%         N/A       86%         5
 Excruciating Wounds      Necr           2%         N/A       86%         5
 Summon Forest            Summ/Tloc      2%         N/A       86%         5
 Monstrous Menagerie      Summ           2%         N/A       100%        7


Dungeon Overview and Level Annotations

Branches:
Dungeon (10/15)            Temple (1/1) D:6         Ossuary (visited)
 Bailey (1/1)
   Lair: D:8-11         Orc: D:9-12

Altars:
Ashenzari
Fedhas
Gozag
Hepliaklqana
Okawaru
Qazlal
Ru
Sif Muna
Uskayaw
Vehumet
Wu Jian
Xom
Yredelemnul
The Shining One

Shops:
D:6 [   D:7 *

Annotations:
D:7 1 runed translucent door, Kebab's ghost, novice MfGl
D:9 Psyche


Innate Abilities, Weirdness & Mutations

Your life essence is reduced to manifest your ancestor. (-10% HP)
You are small and have problems with some larger weapons.
You are completely attuned to the shadows.


Message History

Casting: Ensorcelled Hibernation (safe; 1% risk of failure)
Confirm with . or Enter, or press ? or * to list all spells.
Aiming: Ensorcelled Hibernation (safe; 1% risk of failure)
Press: ? - help, Shift-Dir - straight line, f - orc
Aim: an orc, wielding a +0 halberd and wearing a +0 chain mail (chance to affect: 71%)
The orc looks drowsy...
The helpless orc fails to defend itself.
You spit the orc like a pig!!!
You kill the orc!
Things that are here:
a +0 halberd; a +0 chain mail HP restored.
Tenoch emerges from the mists of memory!
An orc warrior comes into view. It is wielding a +0 halberd.
Casting: Ensorcelled Hibernation (safe; 1% risk of failure)
Confirm with . or Enter, or press ? or * to list all spells.
Aiming: Ensorcelled Hibernation (safe; 1% risk of failure)
Press: ? - help, Shift-Dir - straight line, f - orc warrior
Aim: an orc warrior, wielding a +0 halberd and wearing a +0 plate armour (chance to affect: 54%)
The orc warrior looks drowsy...
The helpless orc warrior fails to defend itself.
You perforate the orc warrior like a sieve!!!
You kill the orc warrior!
Magic restored.
Things that are here:
a +0 halberd; a +0 plate armour; an orc corpse An orc knight comes into view.
It is wielding a +0 glaive.
The orc knight shouts!
Things that are here:
a +0 trident; a +0 ring mail An orc knight is nearby!
The orc knight misses you.
Casting: Ensorcelled Hibernation (safe; 1% risk of failure)
Confirm with . or Enter, or press ? or * to list all spells.
Your hands begin to glow red.
The orc knight hits you from afar with a +0 glaive!!
Unknown command.
The orc knight hits you with a +0 glaive!!
Ouch! That really hurt!
You die...

#...≈≈≈≈≈♣..###
##.♣..≈≈≈≈♣..#
##.....≈≈≈≈...#
♣♣♣....♣..≈≈≈≈.♣.##...
♣♣.........≈≈≈≈....#..#
♣.........######...#.8#
♣..∩..........)....#..#
♣................).'..#
♣..........)...R@o.)..#
♣..∩.....).........#..#
♣........)######...#)8#
♣♣......♣..≈≈≈≈....#..#
♣♣♣...♣♣..≈≈≈≈...##.o.
###.....≈≈≈≈...#.....
####..≈≈≈≈≈..#
#...≈≈≈≈..##
#♣..≈≈≈≈≈..♣


You could see the friendly Tenoch the hexer and an orc knight (ally target).

Vanquished Creatures
  Pikel (D:5)
  Sigmund (D:2)
  A yak (D:9)
  Grum (D:8)
  Duvessa (D:7)
  A water moccasin (D:7)
  Pargi (D:3)
  3 orc warriors (Bailey)
  2 sky beasts (D:5)
  2 necrophages
  3 ogres
  2 centaurs
  4 wolves (D:8)
  A lemure (D:5)
  Blork the orc (D:4)
  A bullfrog (D:8)
  A gnoll sergeant (D:8)
  6 scorpions
  2 wights (D:8)
  2 centaur zombies (Ossuary)
  A human zombie (Ossuary)
  5 orc priests
  2 centaur skeletons (D:5)
  2 hounds
  3 iguanas
  4 scorpion zombies (Ossuary)
  Terence (D:3)
  An orc wizard (D:7)
  4 mummies
  A howler monkey zombie (D:9)
  9 gnolls
  2 howler monkey skeletons (D:4)
  5 adders
  A white imp (D:6)
  An ufetubus (D:6)
  An adder skeleton (D:4)
  2 dart slugs
  2 worms (D:3)
  22 orcs
  7 ball pythons
  4 endoplasms
  2 giant cockroaches
  5 hobgoblins
  2 quokkas
  A bat (D:2)
  A gnoll zombie (Ossuary)
  3 goblins
  A goblin zombie (Ossuary)
  6 kobolds
  2 kobold zombies (Ossuary)
  7 orc zombies (Ossuary)
  2 rats
  A spectral goblin (D:1)
150 creatures vanquished.

Vanquished Creatures (collateral kills)
  An orc warrior (Bailey)
  2 gnoll sergeants
  A water moccasin skeleton (D:7)
  Dowan (D:7)
  An orc priest (D:7)
  2 orc wizards
  7 gnolls
  10 orcs
  3 goblins (D:9)
28 creatures vanquished.

Vanquished Creatures (others)
  3 hexers
  An ancestor (D:7)
4 creatures vanquished.

Grand Total: 182 creatures vanquished

Notes
Turn   | Place    | Note
-------+----------+-------------------------------------------
     0 | D:1      | Hasart the Kobold Enchanter began the quest for the Orb.
     0 | D:1      | Reached XP level 1. HP: 10/10 MP: 3/3
    28 | D:1      | Found a faded altar of an unknown god.
   171 | D:1      | Reached XP level 2. HP: 15/15 MP: 5/5
   174 | D:1      | Learned a level 2 spell: Ensorcelled Hibernation
   474 | D:1      | Got the Collected Works on the Entourage
   718 | D:2      | Noticed Sigmund
   755 | D:2      | Killed Sigmund
   756 | D:2      | Reached XP level 3. HP: 19/19 MP: 7/7
   756 | D:2      | Reached XP level 4. HP: 24/24 MP: 8/8
   756 | D:2      | Reached XP level 5. HP: 28/28 MP: 9/9
   827 | D:2      | Reached XP level 6. HP: 32/32 MP: 7/10
   831 | D:2      | Learned a level 3 spell: Confusing Touch
  1437 | D:2      | Reached skill level 5 in Stealth
  1712 | D:3      | Found a radiant altar of Vehumet.
  1934 | D:3      | Found a hide-covered altar of Uskayaw.
  2429 | D:3      | Found a sacrificial altar of Ru.
  2534 | D:3      | Noticed Terence
  2539 | D:3      | Noticed Pargi
  2542 | D:3      | Killed Terence
  2566 | D:3      | Killed Pargi
  2567 | D:3      | Reached XP level 7. HP: 7/36 MP: 3/11
  2825 | D:3      | Found an opulent altar of Gozag.
  3416 | D:4      | Found a sand-covered staircase.
  3435 | Ossuary  | Entered an ossuary
  3552 | Ossuary  | Reached skill level 5 in Hexes
  3633 | Ossuary  | Reached XP level 8. HP: 39/41 MP: 13/13
  3858 | Ossuary  | Reached skill level 5 in Evocations
  4336 | D:4      | Noticed Blork the orc
  4344 | D:4      | Killed Blork the orc
  5237 | D:5      | Entered Level 5 of the Dungeon
  5261 | D:5      | Noticed Pikel
  5263 | D:5      | Killed Pikel
  5264 | D:5      | Reached skill level 5 in Short Blades
  5264 | D:5      | Reached skill level 5 in Dodging
  5264 | D:5      | Reached XP level 9. HP: 45/45 MP: 15/15
  5345 | D:5      | Found a basalt altar of Yredelemnul.
  5536 | D:5      | Found a glowing golden altar of the Shining One.
  5910 | D:6      | Found a staircase to the Ecumenical Temple.
  5917 | Temple   | Entered the Ecumenical Temple
  6035 | Temple   | Became a worshipper of Hepliaklqana the Forgotten
  6362 | D:6      | Found Ceimalycvo's Antique Armour Boutique.
  6367 | D:6      | Bought a shiny helmet for 172 gold pieces
  6806 | D:6      | Reached * piety under Hepliaklqana
  7554 | D:7      | Reached XP level 10. HP: 43/45 MP: 10/17
  7686 | D:7      | Found a runed translucent door.
  7687 | D:7      | Noticed Kebab's ghost (novice MfGl)
  7898 | D:7      | Reached skill level 5 in Spellcasting
  8143 | D:7      | Noticed Dowan
  8144 | D:7      | Noticed Duvessa
  8170 | D:7      | Killed Duvessa
  8171 | D:7      | Killed Dowan
  8258 | D:7      | Found Rishoeps's Assorted Antiques.
  8583 | D:8      | Reached ** piety under Hepliaklqana
  8584 | D:8      | Remembered your ancestor Tenoch as a hexer
  8653 | D:8      | Noticed Grum
  8813 | D:8      | Killed Grum
  8949 | D:8      | Learned a level 3 spell: Tukima's Dance
  9114 | D:8      | You fall into a shaft and drop 2 floors!
  9114 | D:10     | Entered Level 10 of the Dungeon
  9387 | D:9      | Noticed Psyche
  9422 | D:9      | Found a flagged portal.
  9515 | Bailey   | Entered a bailey
  9716 | Bailey   | Noticed an orc knight
  9719 | Bailey   | Slain by an orc knight

Illustrated notes

Levels and vault maps discovered:
D:1:      amcnicky_arrival_feature_with_door, layout_rooms,
          dreamdust_ecumenical_altar_drowned_temple, minivault_5
D:2:      layout_basic, grunt_decor_arrowhead, uniq_sigmund
D:3:      layout_loops_ring, mainiacjoe_overflow_24_doors,
          nicolae_gozag_seed_capital, nicolae_ru_the_path_less_chosen,
          nicolae_vehumet_radiance, cheibrodos_sewer_entry_bend, minivault_11,
          uniq_terence, uniq_pargi
D:4:      layout_layer_cave, gup_ossuary_entry_pyramid, minmay_misc_feat_roman,
          hex_large, uniq_blork_the_orc
D:5:      layout_rooms, mainiacjoe_overflow_paths,
          mainiacjoe_overflow_small_starburst, serial_curves, eino_curves_03,
          eino_curves_03, uniq_pikel
D:6:      layout_basic, minmay_temple_entry_mist, serial_shops, shop,
          item_on_display_a
D:7:      layout_gridville, gammafunk_ghost_grave, serial_shops, shop,
          uniq_duvessa
D:8:      argonaut_augean_stables, layout_layer_cave, lemuel_round_altar,
          special_room [special_room_kobold], uniq_prince_ribbit1, uniq_grum,
          uniq_erica
D:9:      layout_loops_ring, mainiacjoe_overflow_cross_hatched, enter_bailey_5,
          uniq_psyche, uniq_maurice
D:10:     layout_basic, lair_entry_dummy, david_orc_2,
          gammafunk_ghost_wrathful_warriors, minmay_shop_enchanted_jewellery
Temple:   dpeg_chambers_temple
Bailey:   bailey_polearm_elven_captive_hellmonk, bailey

Skill      XL: |  1  2  3  4  5  6  7  8  9 10 |
---------------+-------------------------------+-----
Short Blades   | 2 3 5 6 |  6.8
Dodging        | 3 4 5 6 |  6.7
Hexes          | 4 5 6 7 8 |  8.2
Evocations     | 2 3 4 6 7 8 |  8.8
Stealth        | 5 6 7 8 |  8.6
Spellcasting   | 3 4 5 |  5.6

Action                   |  1- 3 |  4- 6 |  7- 9 | 10-12 || total
-------------------------+-------+-------+-------+-------++-------
Melee: Dagger            |    37 |    74 |   452 |   196 ||   759
       Punch             |     1 |       |     2 |     1 ||     4
Throw: Throwing net      |     1 |       |       |       ||     1
 Cast: Ensorcelled Hiber |     3 |    17 |    33 |    40 ||    93
       Confusing Touch   |       |     3 |    12 |     6 ||    21
Invok: Recall Ancestor   |       |       |       |     1 ||     1
       Ancestor Life: He |       |       |       |     1 ||     1
 Abil: Evoke Invisibilit |       |       |       |     1 ||     1
  Use: Potion            |     2 |       |       |       ||     2
       Scroll            |       |       |       |     4 ||     4
 Stab: Sleeping          |     7 |    18 |    51 |    19 ||    95
       Invisible         |     1 |       |       |     1 ||     2
       Confused          |       |     4 |    15 |     5 ||    24
       Distracted        |       |       |       |     2 ||     2
Armor: Robe              |     1 |     8 |       |       ||     9
       Troll leather arm |       |       |    48 |    37 ||    85
Dodge: Dodged            |    19 |    57 |   195 |   144 ||   415

Table legend: (Time is in decaauts)
 A = Elapsed time spent in this place.
 B = Non-inter-level travel time spent in this place.
 C = Inter-level travel time spent in this place.
 D = Time resting spent in this place.
 E = Time spent auto-exploring this place.
 F = Levels seen in this place.
 G = Mean time per level.
                   A        B        C        D        E       F      G
               +--------+--------+--------+--------+--------+-----+--------+
         Total |   9549 |   9385 |    164 |    436 |   6909 |  13 |  734.5 |
       Dungeon |   8536 |   8394 |    142 |    436 |   6424 |  10 |  853.6 |
        Temple |    151 |    129 |     22 |      0 |    116 |   1 |  151.0 |
       Ossuary |    661 |    661 |      0 |      0 |    305 |   1 |  661.0 |
        Bailey |    200 |    200 |      0 |      0 |     64 |   1 |  200.0 |
               +--------+--------+--------+--------+--------+-----+--------+

Top non-repeatable levels by time:
     D:3: 1569 daAuts
     D:6: 1321 daAuts
     D:4: 1252 daAuts
     D:7: 1250 daAuts
     D:2: 1078 daAuts
 Ossuary: 661 daAuts
     D:5: 647 daAuts
     D:1: 612 daAuts
     D:8: 424 daAuts
    D:10: 203 daAuts
  Bailey: 200 daAuts
     D:9: 175 daAuts
  Temple: 151 daAuts
